 Dungeon Crawl Stone Soup version 0.17-a0-1882-g750edc8 (webtiles) character file.

86 Ijustatesigmund the Vandal (level 4, -4/29 HPs)
             Began as a Halfling Hunter on Sept 22, 2015.
             Slain by a hippogriff (5 damage)
             ... on level 3 of the Dungeon.
             The game lasted 00:05:48 (2181 turns).

Ijustatesigmund the Vandal (Halfling Hunter)        Turns: 2181, Time: 00:05:48

Health: -4/29      AC:  4    Str: 12    XL:     4   Next: 77%
Magic:  4/4        EV: 14    Int: 10    God:
Gold:   147        SH:  0    Dex: 15    Spells: 0 memorised, 3 levels left

rFire  . . .     SeeInvis .     c - +0 short sword
rCold  . . .     Clarity  .     d - +0 leather armour
rNeg   . . .     SustAt   .     (shield restricted)
rPois  .         Gourm    .     (no helmet)
rElec  .         Spirit   .     (no cloak)
rCorr  .         Warding  .     o - +0 pair of gloves
rMut   .         Stasis   .     (no boots)
MR     .....                    (no amulet)
Stlth  ++........               (no ring)
                                (no ring)

@: not resistant to hostile enchantments, unstealthy
A: mutation resistance 1
a: no special abilities


You were on level 3 of the Dungeon.
You were not hungry.

You visited 1 branch of the dungeon, and saw 3 of its levels.

You collected 147 gold pieces.

Inventory:

Hand weapons
 a - a +1 hunting sling
 c - a +0 short sword (weapon)
Armour
 d - a +0 leather armour (worn)
 o - a +0 pair of gloves (worn)
Jewellery
 g - a +4 ring of intelligence {unknown}
 j - an uncursed amulet of warding {unknown}
Magical devices
 l - a wand of confusion (16)
Scrolls
 i - a scroll of teleportation {unknown}
 n - a scroll of enchant armour {unknown}
 p - 2 scrolls of enchant weapon {unknown}
Comestibles
 e - a bread ration
 f - a meat ration
 h - 3 chunks of flesh
 m - 3 fruits


   Skills:
 - Level 1.7 Fighting
 + Level 0.3 Short Blades
 + Level 7.6 Slings
 - Level 2.1 Dodging
 + Level 2.9 Stealth


You had 3 spell levels left.
You didn't know any spells.

Dungeon Overview and Level Annotations

Branches:
Dungeon (3/15)

Altars:


Innate Abilities, Weirdness & Mutations

You are small and have problems with some larger weapons.
You are somewhat resistant to further mutation.


Message History

You hit the hippogriff.
The hippogriff is almost dead.
The hippogriff bites you.
* * * LOW HITPOINT WARNING * * *
The hippogriff completely misses you. The hippogriff barely misses you.
You hit the hippogriff but do no damage.
The hippogriff is almost dead.
The hippogriff bites you.
* * * LOW HITPOINT WARNING * * *
The hippogriff closely misses you. The hippogriff barely misses you.
You hit the hippogriff but do no damage.
The hippogriff is almost dead.
The hippogriff closely misses you. The hippogriff barely misses you.
The hippogriff claws you but does no damage.
You hit the hippogriff.
The hippogriff is almost dead.
The hippogriff closely misses you.
The hippogriff pecks you but does no damage.
The hippogriff barely misses you. The hippogriff bites you.
You die...

##..## ..#
....# ... #
#...###.###
#.#(........
#.#(†)..#.###.
#..(..........
###(#...#.###
#H##.##.#
#@##.##.# ###
#.#.†.#.##.....
#.#..#.....(#
##.#...#.####
####.##.#
#.##.# #.##.#
#..#.##.#
##.#.##.#


You could see a hippogriff.

Vanquished Creatures
  A worm (D:2)
  5 giant geckos
  8 giant cockroaches
  7 hobgoblins
  4 kobolds (D:1)
  2 quokkas
  9 bats
  9 giant newts (D:1)
  12 goblins
  7 jackals
  9 rats
  A plant (D:1)
74 creatures vanquished.

Notes
Turn   | Place    | Note
--------------------------------------------------------------
     0 | D:1      | Ijustatesigmund the Halfling Hunter began the quest for the Orb.
     0 | D:1      | Reached XP level 1. HP: 14/14 MP: 1/1
   149 | D:1      | Reached skill level 6 in Slings
   155 | D:1      | Reached XP level 2. HP: 19/19 MP: 2/2
   413 | D:1      | Reached XP level 3. HP: 24/24 MP: 3/3
   901 | D:2      | Reached skill level 7 in Slings
  1014 | D:2      | Reached XP level 4. HP: 25/29 MP: 4/4
  1725 | D:3      | Noticed a hippogriff
  2179 | D:3      | HP: 1/29 [hippogriff (4)]
  2181 | D:3      | Slain by a hippogriff

Vault maps used:
D:1:      matt_arrival_grand_opening, minmay_lizard_king
D:3:      first_bread, nicolae_ru_great_annihilating_truth, uniq_natasha,
          uniq_robin

Action                   |  1- 3 |  4- 6 || total
-------------------------+-------+-------++-------
Melee: Short sword       |    95 |   108 ||   203
 Fire: Hunting sling     |   113 |    35 ||   148
  Use: Scroll            |       |     1 ||     1
       Potion            |       |     1 ||     1
  Eat: Chunk             |       |     3 ||     3
       Fruit             |       |     1 ||     1
